 Dungeon Sprint DCSS version 0.23.2-11-gf996548c65 (webtiles) character file.

Game seed: 13580362277547706186

2605 wilfster70 the Quickloader (level 9, -3/79 HPs)
             Began as a Formicid Hunter on June 5, 2019.
             Was the Champion of Qazlal.
             Slain by a slime creature (4 damage)
             ... in the Dungeon (Sprint V: "Ziggurat Sprint").
             The game lasted 00:05:53 (563 turns).

wilfster70 the Quickloader (Formicid Hunter)         Turns: 563, Time: 00:05:53

Health: -3/79      AC: 25    Str: 26    XL:     9   Next: 90%
Magic:  3/17       EV:  1    Int: 21    God:    Qazlal [******]
Gold:   0          SH:  0    Dex:  7    Spells: 8/8 levels left

rFire    + . .     SeeInvis +   b - +9 broad axe
rCold    + . .     Gourm    .   y - +18 shield of the Gong {rElec rN+ MR+ EV-5}
rNeg     + . .     Faith    .   l - +5 gold dragon scales
rPois    +         Spirit   .   (helmet unavailable)
rElec    +         Reflect  .   (no cloak)
rCorr    .         Harm     .   (no gloves)
MR       +....                  (no boots)
Stlth    ..........             (no amulet)
HPRegen  0.23/turn              D - +6 ring of strength
MPRegen  0.15/turn              G - ring "Sicy" {rPois Int+10 Dex-4 Stlth+}

@: confused, protected from physical damage, repel missiles
A: permanent stasis, dig shafts and tunnels, four strong arms, antennae 3
a: Dig, Upheaval, Elemental Force, Disaster Area, Renounce Religion


You were in the Dungeon.
You worshipped Qazlal.
Qazlal was exalted by your worship.
You were not hungry.

You visited 1 branch

Inventory:

Hand Weapons
 a - the +9 heavy crossbow "Sniper" {velocity, Acc+∞ SInv}
   (You found it in the Dungeon)

   Any bolt fired from it inflicts extra damage.
   It lets you see invisible.
 b - a +9 broad axe (weapon)
Missiles
 d - 1014 bolts
Armour
 l - +5 gold dragon scales (worn)
 y - the +18 shield of the Gong (worn) {rElec rN+ MR+ EV-5}
   (You found it in the Dungeon)

   It affects your evasion (-5).
   It insulates you from electricity.
   It protects you from negative energy.
   It affects your resistance to hostile enchantments.
Jewellery
 D - a +6 ring of strength (left hand)
 G - the ring "Sicy" (right hand) {rPois Int+10 Dex-4 Stlth+}
   (You found it in the Dungeon)

   [ring of stealth]

   It affects your intelligence (+10).
   It affects your dexterity (-4).
   It protects you from poison.
   It makes you more stealthy.
Wands
 h - a wand of disintegration (7)
 j - a wand of iceblast (7)
 k - a wand of acid (7)
Scrolls
 r - 4 scrolls of amnesia
 s - 7 scrolls of fog
 t - a scroll of holy word
 u - 5 scrolls of identify
 v - 5 scrolls of remove curse
 w - 2 scrolls of fear
Potions
 c - 2 potions of brilliance
 e - 10 potions of curing
 g - 10 potions of heal wounds
 i - 7 potions of magic
 m - 2 potions of invisibility
 n - 4 potions of resistance
 p - 5 potions of agility
 q - 5 potions of might
Miscellaneous
 o - a lamp of fire
 F - 2 boxes of beasts
Comestibles
 f - 7 rations
 x - a chunk of flesh


   Skills:
 + Level 10.4 Fighting
   Level 0.0 Short Blades
 + Level 1.3 Axes
 * Level 13.0 Crossbows
 + Level 10.0 Armour
 - Level 1.7 Dodging
 - Level 1.2 Stealth
 - Level 9.0 Shields
 + Level 10.9 Invocations


You had 8 spell levels left.
You didn't know any spells.
Your spell library contained the following spells:

 Spells                   Type           Power        Failure   Level  Hunger
 Confusing Touch          Hex            #.....       100%        1    ##.....
 Corona                   Hex            #......      100%        1    ##.....
 Ensorcelled Hibernation  Hex/Ice        #.....       100%        2    ###....
 Passwall                 Tmut/Erth      #.......     100%        2    ###....
 Confuse                  Hex            #.......     100%        3    ####...
 Dazzling Spray           Conj/Hex       #.....       100%        3    ####...
 Gell's Gravitas          Tloc           #.........   100%        3    ####...
 Tukima's Dance           Hex            #.......     100%        3    ####...
 Petrify                  Tmut/Erth      #.......     100%        4    #####..
 Metabolic Englaciation   Hex/Ice        #.........   100%        5    ######.
 Yara's Violent Unravell  Hex/Tmut       #.........   100%        5    ######.
 Statue Form              Tmut/Erth      #........    100%        6    #######


Dungeon Overview and Level Annotations

Branches:
Dungeon (1/1)

Altars:
Ashenzari
Cheibriados
Dithmenos
Elyvilon
Fedhas
Gozag
Hepliaklqana
Kikubaaqudgha
Makhleb
Nemelex Xobeh
Okawaru
Qazlal
Ru
Sif Muna
Trog
Uskayaw
Vehumet
Wu Jian
Xom
Yredelemnul
Zin
The Shining One
Beogh
Jiyva
Lugonu


Innate Abilities, Weirdness & Mutations

You cannot be hasted, slowed, berserked, paralysed or teleported.
You can dig through walls and to a lower floor.
Your four strong arms can wield two-handed weapons with a shield.
You have a pair of large antennae on your head. (SInv)


Message History

You slash the slime creature! You hit the slime creature.
The slime creature is engulfed in blazing flames.
The slime creature hits you!
The slime creature is engulfed in blazing flames.
The slime creature hits you but does no damage.
The eye of devastation is engulfed in blazing flames.
The eye of devastation pulsates ominously.
You closely miss the slime creature.
The slime creature is severely wounded.
You slash the slime creature! You slash the eye of devastation!
The slime creature hits you.
You feel protected from physical attacks.
The slime creature hits you but does no damage.
The eye of devastation pulsates ominously.
The eye of devastation gazes at you. The bolt of energy hits you!!
* * * LOW HITPOINT WARNING * * *
The eye of draining is engulfed in freezing vapours.
The slime creature hits you.
You die...

▓..8©8..▓
▓..")=:...▓...=)..▓
▓...?:}...▓..)|}..▓
▓.........▓.......▓
▓.........▓.......▓
▓.........▓.......▓
▓.☼.°.....▓...)...▓
▓..GJJ....▓..)†...▓
▓..(@G○...▓...©...▓
▓▓▓▓▓▓▓▓▓▓▓▓▓▓▓▓▓▓▓
▓..8©8..▓


{{{{{ ▓..|.=..▓ {{{ ▓...=)..▓ ▓.......▓ ▓.......▓ ▓.......▓ ▓.......▓ You could
see 2 slime creatures, an eye of devastation and an eye of draining.

Vanquished Creatures
  A dancing weapon (D)
  A naga mage (D)
  A slime creature (D)
  A fire elemental (D)
  5 golden eyes (D)
  A naga (D)
  3 water moccasins (D)
  2 crimson imps (D)
  4 jellies (D)
  3 adders (D)
  An ufetubus (D)
  3 oozes (D)
  An adder skeleton (D)
  3 ball pythons (D)
  A jackal zombie (D)
  A leopard gecko skeleton (D)
  A quokka zombie (D)
33 creatures vanquished.

Vanquished Creatures (others)
  A spatial maelstrom (D)
1 creature vanquished.

Grand Total: 34 creatures vanquished

Notes
Turn   | Place    | Note
-------+----------+-------------------------------------------
     0 | D        | Found the +6 Majin-Bo {vamp, Archmagi MP+6 Int+6}
     0 | D        | Found the +7 great mace "Firestarter" {inner flame, rF++}
     0 | D        | wilfster70 the Formicid Hunter began the quest for the Orb.
     0 | D        | Reached XP level 1. HP: 16/16 MP: 1/1
     0 | D        | Found a deep blue altar of Sif Muna.
     0 | D        | Found a bloodstained altar of Trog.
     0 | D        | Found a sacrificial altar of Ru.
     0 | D        | Found a stormy altar of Qazlal.
     0 | D        | Found an iron altar of Okawaru.
    11 | D        | Banished a spatial maelstrom
    17 | D        | Found a blossoming altar of Fedhas.
    18 | D        | Found a sparkling altar of Nemelex Xobeh.
    20 | D        | Found a transporter.
    20 | D        | Found an ancient bone altar of Kikubaaqudgha.
    20 | D        | Found a viscous altar of Jiyva.
    20 | D        | Found a corrupted altar of Lugonu.
    20 | D        | Found a hazy altar of Hepliaklqana.
    20 | D        | Found a burning altar of Makhleb.
    20 | D        | Found an opulent altar of Gozag.
    35 | D        | Became a worshipper of Qazlal Stormbringer
    63 | D        | Found the +9 heavy crossbow "Sniper" {velocity, Acc+∞ SInv}
    63 | D        | Found the +10 dark maul {crush}
    63 | D        | Found the +15 Maxwell's patent armour {-Cast -Tele rElec
                  | MR+ rCorr}
    63 | D        | Found the +18 shield of the Gong {rElec rN+ MR+ EV-5}
    63 | D        | Found the cursed +14 obsidian axe {chop, +Fly SInv *Curse}
    64 | D        | Found the +6 shillelagh "Devastator" {shatter}
    64 | D        | Found the +11 plutonium sword {*Contam Stlth-}
    64 | D        | Found the +8 lance "Wyrmbane" {slay drac, rPois rF+ rC+
                  | AC+3}
    64 | D        | Found the +9 sword of Zonguldrok {reap}
    64 | D        | Found the cursed +13 scythe of Curses {drain, *Curse}
    64 | D        | Found the +0 sword of Power
    64 | D        | Found the +7 mace of Variability {chain chaos}
    64 | D        | Found the +7 Singing Sword {slice, sonic wave}
    64 | D        | Found the +7 longbow "Piercer" {penet, EV-2}
    84 | D        | Reached skill level 5 in Crossbows
    84 | D        | Reached XP level 2. HP: 25/25 MP: 1/4
   124 | D        | Entered arena 2.
   124 | D        | Noticed a fire elemental
   124 | D        | Noticed a +0 scimitar of flaming
   124 | D        | Found a transporter.
   126 | D        | Killed a +0 scimitar of flaming
   126 | D        | Reached skill level 9 in Crossbows
   126 | D        | Reached XP level 3. HP: 26/37 MP: 4/8
   126 | D        | Reached XP level 4. HP: 30/44 MP: 5/10
   126 | D        | Reached XP level 5. HP: 34/49 MP: 5/11
   126 | D        | Reached XP level 6. HP: 39/56 MP: 5/12
   126 | D        | Reached XP level 7. HP: 42/61 MP: 5/13
   128 | D        | Killed a fire elemental
   128 | D        | Reached skill level 10 in Crossbows
   128 | D        | Reached XP level 8. HP: 27/68 MP: 5/14
   327 | D        | Entered arena 3.
   327 | D        | Found a transporter.
   328 | D        | Reached * piety under Qazlal
   340 | D        | Entered arena 4.
   340 | D        | Found a transporter.
   341 | D        | Reached ** piety under Qazlal
   359 | D        | Entered arena 5.
   359 | D        | Noticed a slime creature
   359 | D        | Found a transporter.
   361 | D        | Killed a slime creature
   361 | D        | Reached *** piety under Qazlal
   378 | D        | Entered arena 6.
   378 | D        | Found a transporter.
   379 | D        | Reached **** piety under Qazlal
   401 | D        | Entered arena 7.
   401 | D        | Noticed a naga mage
   403 | D        | Reached ***** piety under Qazlal
   403 | D        | Reached skill level 11 in Crossbows
   405 | D        | Reached XP level 9. HP: 76/76 MP: 14/16
   408 | D        | Killed a naga mage
   408 | D        | Reached skill level 12 in Crossbows
   408 | D        | Reached skill level 10 in Invocations
   410 | D        | Found a transporter.
   423 | D        | Got the ring "Sicy" {rPois Int+10 Dex-4 Stlth+}
   492 | D        | Entered arena 8.
   495 | D        | Found a transporter.
   498 | D        | Reached skill level 10 in Fighting
   500 | D        | Reached ****** piety under Qazlal
   548 | D        | Got Faileits's Tome of Cold and Transmigration
   553 | D        | Entered arena 9.
   553 | D        | Noticed a slime creature
   553 | D        | Noticed an eye of devastation
   553 | D        | Noticed a slime creature
   554 | D        | Found the +12 glaive of Prune {chop}
   558 | D        | Reached skill level 1 in Axes
   560 | D        | Reached skill level 10 in Armour
   562 | D        | Reached skill level 13 in Crossbows
   563 | D        | HP: 1/79 [disintegration (26)]
   563 | D        | Slain by a slime creature

Skill      XL: |  1  2  3  4  5  6  7  8  9 |
---------------+----------------------------+-----
Fighting       | 4 7 8 9 10 | 10.4
Crossbows      | 5 9 10 11 13 | 13.0
Armour         | 3 7 8 10 | 10.0
Shields        | 3 7 8 9 |  9.0
Invocations    | 3 8 9 10 | 10.9
Axes           | 1 |  1.3
Dodging        | |  1.7
Stealth        | |  1.2

Action                   |  1- 3 |  4- 6 |  7- 9 || total
-------------------------+-------+-------+-------++-------
Melee: Broad axe         |       |       |     8 ||     8
 Fire: Heavy crossbow    |     2 |       |    27 ||    29
  Use: Potion            |     1 |       |       ||     1
       Scroll            |       |       |     4 ||     4
Armor: Gold dragon scale |     1 |       |    26 ||    27
Block: Shield            |     2 |       |    33 ||    35
